[Event "*** Titled Tuesday Blitz"]
[Site "Chess.com"]
[Date "2020.05.26"]
[Round "6"]
[White "Gareth-Bale11"]
[Black "Oleksandr_Bortnyk"]
[Result "0-1"]
[WhiteElo "2761"]
[BlackElo "2987"]
[TimeControl "180+1"]
[EndTime "11:09:02 PDT"]
[Termination "Oleksandr_Bortnyk won by checkmate"]

1. d4 d6 2. Nf3 Nf6 3. c4 g6 4. Nc3 Bf5 5. Qb3 Qc8 6. g3 Bg7 7.
Bg2 Nc6 8. d5 Nd8 9. O-O O-O 10. Re1 Ne4 11. Nxe4 Bxe4 12. Bd2 e5 13. Qe3 f5 14. c5 Bxd5 15. cxd6 cxd6 16. Qd3 Bxf3 17.
exf3 Qe6 18. Bb4 Nf7 19. Rad1 Rfd8 20. Qd5 Qxd5 21. Rxd5 Rac8 22. Red1 Bf8 23. Bf1 Rc2 24. Bc3 Rc8 25. Bb5 Ng5 26. Kg2 e4 27. f4 Nf7 28.
Ba4 R8xc3 29. bxc3 Rxc3 30. Bb3 Kg7 31. h3 a6 32. g4 Nh6 33. g5 Nf7 34. R5d2 Nd8 35. Bd5 b5 36. Rb1 Rf3 37. a4 Rxf4 38. axb5 axb5 39.
Rxb5 Be7 40. Rb8 Bxg5 41. Rc2 Bh4 42. Rc7+ Kh6 43. Rc2 Rf3 44. Rbc8 Rd3 45. Bg8 f4 46. R2c7 f3+ 47. Kh2 Bxf2 48. Rxh7+ Kg5 49. Rxd8 Rd2 50. h4+ Bxh4+ 51. Kh3 Bf2 52. Rf8 Bg1 53. Rhf7 Rh2+ 54. Kg3 Rg2+ 55. Kh3 d5 56. Rf6 Rh2+ 57. Kg3 Rg2+ 58.
Kh3 Be3 59. Bh7 Kh5 60. Rh8 Rg1 61. Bg8+ Kg5 62. Rd6 Bf4 63. Rxd5+ Kf6 64. Rd7 f2 65. Rf7+ Kg5 66. Bh7 f1=Q# 0-1

[Event "*** Titled Tuesday Blitz"]
[Site "Chess.com"]
[Date "2020.05.26"]
[Round "6"]
[White "Leonid_Starozhilov"]
[Black "Bacyanide"]
[Result "1/2-1/2"]
[WhiteElo "2662"]
[BlackElo "2470"]
[TimeControl "180+1"]
[EndTime "11:09:03 PDT"]
[Termination "Game drawn by repetition"]

1. e4 e5 2. Nf3 Nc6 3. Bb5 a6 4. Bxc6 dxc6 5. h3 Bd6 6. d4 exd4 7. Qxd4 f6 8. Be3 Ne7 9. Qc4 Ng6 10. Nbd2 Qe7 11. Qb3 b5 12. a4 Be6 13. Qc3 Bd7 14. Qb3 Qf7 15. O-O O-O 16. Qxf7+ Kxf7 17. Rfe1 Rfe8 18. Nd4 c5 19. Ne2 c4 20. axb5 axb5 21.
f3 Rxa1 22. Rxa1 f5 23. Re1 Bc6 24. Nd4 Bd7 25. exf5 Nh4 26. Ne4 Nxf5 27. Nxf5 Bxf5 28. Nxd6+ cxd6 29. c3 Bd3 30. Kf2 Rb8 31. Ra1 Rb7 32. Bd4 Ke6 33. Ra6 Kd5 34. g4 h6 35. h4 g6 36. Kg3 h5 37. Ra8 hxg4 38. fxg4 b4 39. Rd8 b3 40. Be3 Re7 41. Bf4 Re2 42. Rxd6+ Kc5 43. Rd8 Rxb2 44. h5 gxh5 45. gxh5 Rc2 46. Bd6+ Kc6 47. Ba3 Rxc3 48. Kf4 Rc2 49. Rb8 Ra2 50.
Bc1 Ra1 51. Be3 Rf1+ 52. Ke5 Re1 53. Kd4 Rd1 54. Kc3 Rh1 55. h6 Rh3 56. Bd2 Rh2 57. Rc8+ Kd7 58. Rb8 Kc7 59. Rb4 Kc6 60. Ra4 b2 61.
Rb4 b1=Q 62. Rxb1 Bxb1 63. Bf4 Bd3 64. Bxh2 Kd5 65. Bg1 Ke6 66. Kd2 Kf7 67. Be3 Kg6 68. Kc3 Kh7 69. Bd2 Kg6 70. Bc1 Kh7 71. Bd2 Kg6 72.
Bc1 Kh7 73. Bd2 1/2-1/2

[Event "*** Titled Tuesday Blitz"]
[Site "Chess.com"]
[Date "2020.05.26"]
[Round "6"]
[White "ulkaf961"]
[Black "underdogchss"]
[Result "0-1"]
[WhiteElo "2189"]
[BlackElo "2405"]
[TimeControl "180+1"]
[EndTime "11:09:03 PDT"]
[Termination "underdogchss won on time"]

1. b3 d5 2. Bb2 c5 3. g3 Nc6 4.
Bg2 e5 5. e3 Be6 6. Ne2 Qd7 7.
O-O h5 8. f4 f6 9. c4 dxc4 10.
bxc4 Bxc4 11. fxe5 Nxe5 12. Bxe5 fxe5 13. Be4 Nf6 14.
Bf5 Be6 15. Bg6+ Kd8 16. Nbc3 h4 17. Rb1 hxg3 18. Nxg3 b6 19. Qf3 Rc8 20. Nge4 Be7 21. Qg3 Bc4 22. Rf2 Be6 23. Qxe5 Rh6 24. Bf5 Bxf5 25. Rxf5 Qc7 26. Nxf6 Qxe5 27. Rxe5 Bxf6 28. Rd5+ Kc7 29. Ne4 Be7 30. Rf1 Rg6+ 31. Kh1 Rf8 32. Rxf8 Bxf8 33. Rf5 Be7 34. Rf7 Re6 35. Ng5 Re5 36. Nf3 Re6 37. Ng5 Rg6 38. Rxe7+ Kd6 39. Rxa7 Rxg5 40. Rb7 Kc6 41. Rf7 Rd5 42. Rf2 Rd3 43. Kg1 Ra3 44. Kf1 Rxa2 45. Ke2 Ra1 46. Rg2 Rh1 47. Rxg7 Rxh2+ 48. Kd3 Kb5 49. Rg6 Rh4 50. Kc3 Ra4 51. d4 Ra3+ 52. Kd2 c4 53.
e4 Ka5 54. Kc2 Re3 55. Re6 b5 56. d5 Rd3 57. Rd6 Kb4 58. e5 Re3 59. e6 Re2+ 0-1

[Event "*** Titled Tuesday Blitz"]
[Site "Chess.com"]
[Date "2020.05.26"]
[Round "6"]
[White "Pavalamalli"]
[Black "chess94cu"]
[Result "1/2-1/2"]
[WhiteElo "2290"]
[BlackElo "2455"]
[TimeControl "180+1"]
[EndTime "11:09:05 PDT"]
[Termination "Game drawn - insufficient material"]

1. e4 e5 2. Nf3 Nc6 3. Nc3 Nf6 4. Bb5 Bd6 5. d3 h6 6. a3 a6 7. Ba4 b5 8. Bb3 Be7 9. Be3 d6 10. Nd5 Be6 11. Nxe7 Qxe7 12. Bxe6 Qxe6 13. O-O O-O 14. Nh4 d5 15. Qf3 dxe4 16. dxe4 Qg4 17. Qxg4 Nxg4 18. Bc5 Rfd8 19. Rad1 g6 20. f3 Nf6 21. c3 Kg7 22. g3 Nd7 23. Bf2 Nf8 24. Ng2 Ne6 25. Ne3 Ne7 26. Nd5 Kf8 27. Be3 g5 28. f4 exf4 29.
gxf4 Nxd5 30. exd5 Nxf4 31. Bxf4 gxf4 32. Rxf4 Rd7 33. Rdf1 Re8 34. Rf6 Re5 35. Rxh6 Rexd5 36. Rhf6 Kg7 37. R6f2 Rg5+ 38. Rg2 Kg6 39. Rxg5+ Kxg5 40. Kg2 f5 41. Rf2 f4 42. Re2 Rd3 43. Kf2 Kf5 44.
Re8 Rd2+ 45. Re2 Rd3 46. Re8 c5 47. Rf8+ Ke4 48. Re8+ Kf5 49. Rf8+ Kg4 50. Rg8+ Kh5 51. Rh8+ Kg6 52. Rg8+ Kf7 53. Ra8 Rd2+ 54. Kf3 Rxh2 55. Rxa6 Rxb2 56. Kxf4 Rb3 57. Rb6 c4 58. Ke4 Rxc3 59.
Rxb5 Rxa3 60. Rc5 c3 61. Kd3 Ke6 62. Rxc3 Rxc3+ 63. Kxc3 1/2-1/2

[Event "*** Titled Tuesday Blitz"]
[Site "Chess.com"]
[Date "2020.05.26"]
[Round "6"]
[White "gliglu"]
[Black "tsvet2005"]
[Result "0-1"]
[WhiteElo "2376"]
[BlackElo "2531"]
[TimeControl "180+1"]
[EndTime "11:09:10 PDT"]
[Termination "tsvet2005 won on time"]

1. d4 d5 2. c4 e6 3. Nc3 c6 4. cxd5 exd5 5. Nf3 Nf6 6. Bf4 Bd6 7. Bxd6 Qxd6 8. e3 Bf5 9. Bd3 Bxd3 10. Qxd3 O-O 11. O-O Nbd7 12. Rac1 Rfe8 13. a3 a5 14. Na4 Ne4 15. Nd2 f5 16. Nxe4 fxe4 17. Qc2 Re6 18.
Nc5 Rh6 19. g3 Nxc5 20. Qxc5 Qe6 21. f4 exf3 22. Rxf3 Rf6 23. Rxf6 Qxf6 24. Rf1 Qe6 25. Rf3 a4 26. Qc2 g6 27. Kg2 Kg7 28. h4 h5 29.
Kh2 Ra5 30. Qd2 Rb5 31. Rf1 Rb3 32. Qf2 Qe7 33. Re1 Qf6 34. Qe2 Qe6 35. Qf2 Qf5 36. Qe2 Qe4 37. Qf2 Qf5 38. Qe2 b6 39. Rf1 Qe6 40.
Qf2 Qe7 41. Re1 c5 42. Qd2 c4 43.
e4 dxe4 44. d5 Qd6 45. Qd4+ Kh7 46. Re3 Rxe3 47. Qxe3 Qxd5 48. Qxb6 Qd2+ 49. Kh3 Qd7+ 50. Kg2 Qe7 51. Qe3 Qe5 52. Qa7+ Qg7 53. Qb6 e3 54.
Qxe3 Qxb2+ 55. Kh3 Qf6 56. Qa7+ Kh6 57. Qxa4 c3 58. Qd1 Qf5+ 59. Kh2 c2 60. Qc1+ Kh7 61. Qd2 Qe4 62. Qd7+ Kg8 63. Qd8+ Kf7 64. Qc7+ Ke6 65. Qc8+ Ke5 66. Qc7+ Kd4 0-1

[Event "*** Titled Tuesday Blitz"]
[Site "Chess.com"]
[Date "2020.05.26"]
[Round "6"]
[White "KerryStead"]
[Black "Parkas"]
[Result "0-1"]
[WhiteElo "2113"]
[BlackElo "2287"]
[TimeControl "180+1"]
[EndTime "11:09:10 PDT"]
[Termination "Parkas won by checkmate"]

1. d4 g6 2. e4 Bg7 3. Be3 d6 4. f3 e5 5. d5 f5 6. Qd2 Nf6 7. Bd3 c6 8. c4 cxd5 9. cxd5 Nbd7 10. Nc3 Nc5 11. Bc2 a5 12. Nge2 O-O 13. O-O b6 14. a3 f4 15. Bf2 a4 16. Nb5 Ba6 17.
Nec3 g5 18. Rfd1 h5 19. Rab1 g4 20. fxg4 hxg4 21. Qe1 Kf7 22. b4 axb3 23. Bxb3 Rh8 24.
Bc4 Rh6 25. g3 f3 26. Be3 Rh5 27. Rd2 Bh6 28. Bxh6 Rxh6 29. Qe3 Kg6 30. Rbb2 Qd7 31. Bf1 Rah8 32. a4 Nh5 33. Nd1 Kg7 34. Kf2 Qe7 35.
Ke1 Nf6 36. Qg5+ Rg6 37. Qf5 Bc8 38. Qxg6+ Kxg6 39. Nbc3 Bd7 40. Rxb6 Nfxe4 41. Nxe4 Nxe4 42. Bd3 Bf5 43. Rc2 f2+ 44. Nxf2 Nxf2 45. Bxf5+ Kxf5 46. Kxf2 Kg5 47. Kg1 Qa7 48. a5 Qxa5 49. Rb1 Qxd5 50. Rf2 Qd4 51. Kg2 Rxh2+ 52. Kxh2 Qxf2+ 53. Kh1 Qf3+ 54. Kh2 Qe2+ 55. Kg1 Qe3+ 56. Kh2 Qd2+ 57. Kh1 Qd5+ 58. Kh2 Qa2+ 59. Kh1 Qxb1+ 60. Kg2 Qe4+ 61. Kg1 Qf3 62. Kh2 d5 63. Kg1 Qxg3+ 64. Kf1 Qf3+ 65. Ke1 g3 66. Kd2 g2 67. Kc2 g1=Q 68. Kb2 Qgg2+ 69. Kc1 Qff1# 0-1

[Event "*** Titled Tuesday Blitz"]
[Site "Chess.com"]
[Date "2020.05.26"]
[Round "6"]
[White "iwanyu"]
[Black "Bigfish1995"]
[Result "1-0"]
[WhiteElo "2794"]
[BlackElo "3014"]
[TimeControl "180+1"]
[EndTime "11:09:11 PDT"]
[Termination "iwanyu won by checkmate"]

1. d4 f5 2. Nc3 d5 3. Bf4 c6 4. Nf3 Nf6 5. e3 g6 6. Bd3 Be6 7. O-O Nbd7 8. h3 Bg7 9. Ne2 O-O 10. Ng5 Bf7 11. Nxf7 Rxf7 12. c4 e6 13. a3 Ne4 14.
Rc1 Qe7 15. Bh2 Nd6 16. b3 a5 17. Nc3 Ne4 18. Nb1 Qh4 19. b4 axb4 20. axb4 Nb6 21.
Qb3 g5 22. b5 dxc4 23. Bxc4 Nd5 24. bxc6 bxc6 25. Bd3 g4 26. Bxe4 fxe4 27. Bg3 Qh5 28. hxg4 Qxg4 29. Rxc6 Bh6 30. Re1 Raf8 31. Nd2 Bg7 32.
Nf1 h5 33. Qd1 Qg5 34. Qc2 h4 35. Bd6 Rxf2 36. Qxf2 Rxf2 37. Kxf2 Bf6 38. Rc8+ Kg7 39. Rb1 Qf5+ 40. Kg1 Kh6 41. Rb7 Qg4 42. Bf8+ Kg6 43. Bd6 Qd1 44. Rg8+ Kf5 45. Kf2 Qc2+ 46. Kg1 Qe2 47. g4+ Qxg4+ 48. Rxg4 Kxg4 49. Be5 Bg5 50. Rb3 Kf5 51. Kf2 Bh6 52. Nh2 Bg5 53. Nf1 Bh6 54.
Bh2 Kg4 55. Bg1 Bg5 56. Rb8 Nf6 57. Rb6 Kf5 58. Nh2 Nd5 59. Rb8 Bxe3+ 60. Kf1 Bf4 61. Rf8+ Kg5 62. Kg2 Bd6 63. Rg8+ Kf5 64. Ng4 Nf4+ 65.
Kf1 Nd3 66. Be3 Be7 67. Nh6+ Kf6 68. Bg5# 1-0

[Event "*** Titled Tuesday Blitz"]
[Site "Chess.com"]
[Date "2020.05.26"]
[Round "6"]
[White "blitzking1729"]
[Black "Shota_Azaladze"]
[Result "0-1"]
[WhiteElo "2507"]
[BlackElo "2830"]
[TimeControl "180+1"]
[EndTime "11:09:12 PDT"]
[Termination "Shota_Azaladze won on time"]

1. d4 g6 2. c4 Bg7 3. Nf3 Nf6 4.
g3 O-O 5. Bg2 d6 6. O-O Nc6 7.
Nc3 a6 8. b3 Rb8 9. Bb2 b5 10.
cxb5 axb5 11. Rc1 b4 12. Nb1 Bb7 13. Nbd2 Ra8 14. Ra1 e5 15. dxe5 Ng4 16. Nc4 d5 17.
Ne3 Nxe3 18. fxe3 Re8 19. Qd2 Ra5 20. Nd4 Qe7 21. Nxc6 Bxc6 22. Rf4 Rb5 23. Raf1 Rf8 24. e4 dxe4 25. Bxe4 Bxe4 26. Rxe4 c5 27. e6 f5 28. Bxg7 Kxg7 29. Re3 Rb6 30. Qd7 Re8 31. Rd1 Kf6 32. Qd5 Rxe6 33. Rxe6+ Qxe6 34. Qxc5 Qxe2 35. Qd4+ Kf7 36.
Rc1 Re7 37. Qc4+ Kg7 38. Qxe2 Rxe2 39. Rc4 Rxa2 40. Rxb4 Rb2 41. Rb7+ Kf6 42. Rxh7 Rxb3 43. Kg2 Rb2+ 44. Kf3 g5 45. Rh6+ Ke5 46. h3 Rh2 47. Rh5 Kf6 48. Rh6+ Kg7 49. Rh5 Kg6 50. g4 f4 51. h4 Rh3+ 52. Ke4 Re3+ 53. Kd4 gxh4 54.
Rxh4 Kg5 55. Rh8 Kxg4 56. Rg8+ Kf3 57. Rf8 Re7 58. Kd3 Rd7+ 59. Kc4 Ke3 60. Re8+ Kf2 61.
Rf8 f3 62. Re8 Kg2 63. Rg8+ Kf1 64. Rf8 f2 65. Kc5 Rg7 66. Re8 Kg2 67. Rf8 Rg3 0-1

[Event "*** Titled Tuesday Blitz"]
[Site "Chess.com"]
[Date "2020.05.26"]
[Round "6"]
[White "Karinaa87"]
[Black "GMaka"]
[Result "0-1"]
[WhiteElo "2536"]
[BlackElo "2399"]
[TimeControl "180+1"]
[EndTime "11:09:12 PDT"]
[Termination "GMaka won by checkmate"]

1. d4 Nf6 2. c4 Nc6 3. Nf3 e6 4. a3 g6 5. Nc3 Bg7 6. g3 d6 7. Bg2 O-O 8. O-O e5 9. d5 Ne7 10. e4 a5 11. Rb1 Nd7 12. b4 axb4 13. axb4 f5 14. Ng5 Nf6 15. Ne6 Bxe6 16. dxe6 fxe4 17. Nxe4 Nxe4 18. Bxe4 Qc8 19. Bg5 Qxe6 20. Bxb7 Rab8 21. Bxe7 Qxe7 22. Bd5+ Kh8 23. b5 Bh6 24. Qd3 Rf6 25. Rbe1 Rbf8 26. Re4 Qd8 27. Qe2 Qb8 28. Rh4 Kg7 29.
Kg2 Qb6 30. Re4 Qc5 31. h4 Qa3 32. h5 Rf5 33. hxg6 hxg6 34. Rh4 Bg5 35. Rg4 Rh8 36. Be4 Kf6 37. f3 Qc3 38. Rh1 Rxh1 39. Kxh1 Qc1+ 40.
Kh2 Be3 41. Bxf5 Qg1+ 42. Kh3 gxf5 43. Rg8 Qh1+ 44. Qh2 Qxf3 45. Rf8+ Ke7 46. Rh8 Qg4+ 47. Kg2 Qe2+ 48. Kh3 Qxc4 49. Qg2 Qg4+ 50. Kh2 e4 51. Rh7+ Ke6 52. Qa2+ d5 53. Qa6+ Ke5 54. Re7+ Kd4 55. Qa7+ Kd3 56. Qa3+ Ke2 57. Qa2+ Bd2 58. Qxd5 Qh5+ 59. Kg2 Qf3+ 60. Kh2 Qf2+ 61. Kh3 Qf1+ 62. Kh2 Qf2+ 63. Kh3 e3 64. Qc4+ Ke1 65. Qf4 Qxf4 66. gxf4 Kf2 67. Kh4 e2 68. Kg5 Be3 69.
Rxe3 Kxe3 70. Kxf5 e1=Q 71. Ke5 Qd2 72. f5 Qd6# 0-1

[Event "*** Titled Tuesday Blitz"]
[Site "Chess.com"]
[Date "2020.05.26"]
[Round "6"]
[White "farzadbfd"]
[Black "Tacticusbd"]
[Result "0-1"]
[WhiteElo "2710"]
[BlackElo "2433"]
[TimeControl "180+1"]
[EndTime "11:09:14 PDT"]
[Termination "Tacticusbd won on time"]

1. e4 e5 2. Nf3 Nc6 3. Bc4 Bc5 4.
O-O Nf6 5. Re1 d6 6. d3 O-O 7. c3 a6 8. Bb3 Be6 9. Nbd2 Ba7 10.
Nf1 h6 11. Be3 Ne7 12. Bxa7 Rxa7 13. d4 Ng6 14. Bxe6 fxe6 15. dxe5 dxe5 16. Qxd8 Rxd8 17.
N1d2 b5 18. Nb3 Kf7 19. Nc5 Rd6 20. a4 c6 21. Red1 Rxd1+ 22. Rxd1 a5 23. h4 Ke7 24. h5 Nxh5 25. g3 Nf6 26. Kg2 Nd7 27. Nxd7 Rxd7 28. Ra1 Rb7 29. axb5 Rxb5 30. Ra2 Kd6 31. Nd2 Kc5 32. Kf3 Nf8 33. Ke3 Nd7 34. Kd3 Nb6 35. b4+ axb4 36. c4 b3 37. Ra3 Nxc4 38. Nxc4 b2 39.
Nxb2 Rxb2 40. Ra5+ Kd6 41. Ke3 Rb3+ 42. Ke2 Rb7 43.
Ke3 h5 44. Ke2 g5 45. Ke3 h4 46. Kf3 Rf7+ 47. Kg4 Rxf2 48. gxh4 gxh4 49. Kxh4 Rf3 50. Kg5 Rf4 51. Ra8 Rxe4 52. Rd8+ Kc5 53. Kf6 Rd4 54.
Rb8 e4 55. Kxe6 e3 56. Kf5 e2 57. Re8 Rd2 58. Kf4 Kd4 59. Kf3 Kd3 60. Kf2 Kc2 61. Re5 Kd1 0-1

[Event "*** Titled Tuesday Blitz"]
[Site "Chess.com"]
[Date "2020.05.26"]
[Round "6"]
[White "ama18"]
[Black "nubair1198"]
[Result "1-0"]
[WhiteElo "2526"]
[BlackElo "2702"]
[TimeControl "180+1"]
[EndTime "11:09:15 PDT"]
[Termination "ama18 won on time"]

1. e4 Nf6 2. e5 Nd5 3. Nf3 d6 4. d4 g6 5. Bc4 Nb6 6. Bb3 Bg7 7. c3 O-O 8. O-O Bg4 9. exd6 cxd6 10.
h3 Bxf3 11. Qxf3 Nc6 12. Rd1 d5 13. Nd2 e6 14. Nf1 Qf6 15. Qxf6 Bxf6 16. Ne3 Bg7 17.
Ng4 Rfc8 18. Bf4 Na5 19. Bc2 Nac4 20. Rab1 h5 21. Ne3 Nxe3 22. Bxe3 Nc4 23. Bf4 b5 24.
Bd3 a5 25. h4 b4 26. Rdc1 Nb6 27.
Kf1 Bf8 28. Ke2 a4 29. cxb4 Bxb4 30. Rxc8+ Rxc8 31. Rc1 Rxc1 32. Bxc1 Kf8 33. Bg5 Be7 34.
Bh6+ Ke8 35. g3 Kd7 36. Bb5+ Kc7 37. Kd3 Bd6 38. Be8 f5 39. Bxg6 Nc4 40. Bc1 Bb4 41.
b3 axb3 42. axb3 Na5 43. Kc2 Kd6 44. Bf4+ Ke7 45. Bxh5 Be1 46. f3 Nc6 47. Kd3 Nb4+ 48. Ke2 Bc3 49. Bg5+ Kf8 50. Bd2 Bxd2 51. Kxd2 Kg7 52.
Kc3 Nc6 53. b4 e5 54. dxe5 Nxe5 55. b5 Kh6 56. Kd4 f4 57. gxf4 Nd7 58. Bg4 Nf6 59.
b6 Nh7 60. b7 Nf6 61. b8=Q Kg6 62. Qd6 Kf7 63. Qe6+ Kg6 64. Bf5+ Kg7 65. Qe7+ Kg8 66.
Be6+ Kh8 67. Qxf6+ Kh7 68. Ke5 1-0

[Event "*** Titled Tuesday Blitz"]
[Site "Chess.com"]
[Date "2020.05.26"]
[Round "6"]
[White "Caterpiller35"]
[Black "Chessialist"]
[Result "1-0"]
[WhiteElo "2298"]
[BlackElo "2533"]
[TimeControl "180+1"]
[EndTime "11:09:15 PDT"]
[Termination "Caterpiller35 won by resignation"]

1. d4 Nf6 2. Bg5 Ne4 3. Bf4 d5 4. e3 Bf5 5. Bd3 Bg6 6. h4 Nf6 7. Nf3 e6 8. Ne5 Nbd7 9. Nxg6 hxg6 10. c4 Bd6 11. Bg5 c6 12. Qb3 Qa5+ 13. Nc3 Bb4 14. O-O Bxc3 15. bxc3 Qb6 16. c5 Qxb3 17. axb3 a6 18. b4 Rc8 19. f3 Ng8 20. g3 Ne7 21. Kf2 f6 22. Bf4 Kf7 23. e4 Rce8 24. c4 e5 25. dxe5 fxe5 26. Bg5 dxe4 27. Bxe4 Nf6 28. Rfe1 Rc8 29. Rad1 Rhd8 30. Rd6 Nxe4+ 31. Rxe4 Re8 32.
Rxe5 Nf5 33. Rd7+ Kg8 34. Rxe8+ Rxe8 35. Rxb7 Nd4 36. Re7 Rb8 37. Rd7 Nc2 38. Rd8+ Rxd8 39. Bxd8 Nxb4 40. Ke3 Kf7 41. Kd4 Nc2+ 42. Ke5 Ne3 43.
Kd6 Nxc4+ 44. Kxc6 Ne5+ 45. Kb6 Nxf3 46. c6 Ne5 47. c7 Nc4+ 48. Kb7 Nd6+ 49. Kc6 Ke6 50. Bg5 a5 51. Bd2 Nc8 52. Bxa5 Ne7+ 53. Kb7 Kd7 54. Bb4 Nc8 55. Bf8 Na7 56. Kxa7 Kxc7 57. Bxg7 Kd6 58. Bf6 Ke6 59. Bg5 Kf5 60. Bf4 Kg4 61. Kb6 Kh5 62. Kc5 Kg4 63. Kd6 Kh5 64. Ke6 Kg4 65.
Kf7 Kh5 66. Kf6 g5 67. hxg5 Kg4 68. g6 1-0

[Event "*** Titled Tuesday Blitz"]
[Site "Chess.com"]
[Date "2020.05.26"]
[Round "6"]
[White "chegueps"]
[Black "Paladin61"]
[Result "0-1"]
[WhiteElo "2433"]
[BlackElo "2629"]
[TimeControl "180+1"]
[EndTime "11:09:16 PDT"]
[Termination "Paladin61 won by resignation"]

1. e4 c5 2. Nf3 d6 3. Bb5+ Nd7 4. c3 Nf6 5. Qe2 a6 6. Ba4 e5 7. d4 b5 8. Bc2 Be7 9. O-O O-O 10. b3 Qc7 11. Bb2 Bb7 12. Rc1 Rfe8 13. Nbd2 Bf8 14. d5 g6 15. a4 Qb6 16. Nf1 Nh5 17. g3 Bh6 18. Rcb1 Ndf6 19. Ne3 Reb8 20. Bc1 Bg7 21. h3 Bc8 22. Kg2 Bd7 23. Bd2 Qd8 24. axb5 axb5 25.
b4 c4 26. Nf1 Rxa1 27. Rxa1 Ra8 28. Qd1 Qb8 29. Be3 Ne8 30. Qb1 Nhf6 31. Ra2 Nc7 32. Qa1 Rxa2 33. Qxa2 Qa8 34. Ba7 Qb7 35. N1d2 h5 36. Qa5 Bh6 37. Nb1 Kg7 38. Na3 Na8 39. Ng1 Nh7 40. Ne2 Nc7 41. Bb6 Na8 42. Ba7 f5 43. f3 Ng5 44. h4 Nh7 45. Bf2 Nf6 46.
Kg1 fxe4 47. fxe4 Ng4 48. Be1 Be3+ 49. Kg2 Bb6 50. Nxb5 Ne3+ 51. Kf3 Bxa5 52. Nxd6 Qa6 53. Kxe3 Qxd6 54. bxa5 Nc7 55. Bf2 Qc5+ 56. Kf3 Qxa5 57. Kg2 Qa2 58. Bd1 Bg4 59. Nc1 Qb1 60. Bxg4 0-1

[Event "*** Titled Tuesday Blitz"]
[Site "Chess.com"]
[Date "2020.05.26"]
[Round "6"]
[White "Antelacus"]
[Black "Swarajan"]
[Result "1/2-1/2"]
[WhiteElo "2245"]
[BlackElo "2051"]
[TimeControl "180+1"]
[EndTime "11:09:16 PDT"]
[Termination "Game drawn by repetition"]

1. d4 c5 2. d5 Nf6 3. c4 g6 4. Nc3 Bg7 5. e4 O-O 6. e5 Ne8 7. Nf3 d6 8. exd6 Nxd6 9. Be2 Bg4 10. Qd3 Nd7 11. O-O Bxf3 12. Qxf3 Ne5 13. Qf4 a6 14. a4 Rb8 15. Bd2 Qb6 16. Rab1 Qb3 17. Rfc1 Nexc4 18. Bxc4 Nxc4 19. Be3 Nxe3 20. Qxe3 Bxc3 21. Rxc3 Qxd5 22. Rxc5 Qd6 23. Rbc1 Rfd8 24. g3 Qf6 25. b4 Rd6 26.
Rc7 Re6 27. Qc5 Re5 28. Rc8+ Rxc8 29. Qxc8+ Kg7 30. Qxb7 Re2 31. Qa7 h5 32. Rf1 Rb2 33. Qb7 Qd6 34. b5 axb5 35. axb5 Qc5 36. Qc6 Qxc6 37. bxc6 Rc2 38. Re1 e6 39. Kg2 Rxc6 40. h4 f5 41. Re2 Kf6 42. f4 Rc3 43. Kf2 Rc4 44. Kf3 Rc3+ 45. Kf2 Rd3 46. Re1 Ra3 47. Re2 Ra5 48. Kf3 e5 49. fxe5+ Rxe5 50. Ra2 Re6 51. Ra5 Re4 52. Ra6+ Re6 53. Ra5 Rd6 54. Ra3 g5 55.
hxg5+ Kxg5 56. Rb3 Rd1 57. Rb4 Rf1+ 58. Kg2 Re1 59.
Kf2 Re4 60. Rb8 h4 61. Rg8+ Kh5 62. Rh8+ Kg5 63. gxh4+ Rxh4 64. Rxh4 Kxh4 65. Kf3 Kg5 66. Kg3 Kf6 67. Kf4 Ke6 68. Kf3 Ke5 69. Ke3 Kf6 70.
Kf4 Kg6 71. Kf3 Kg5 72. Kg3 f4+ 73. Kf3 Kf5 74. Kf2 Ke5 75. Kf3 Kf5 76. Kf2 Ke4 77. Ke2 f3+ 78. Kf2 Kf4 79. Kf1 Kg4 80. Kf2 Kf4 81. Kf1 Ke5 82. Kf2 Ke4 83. Kf1 Kd3 84.
Kf2 Ke4 85. Kf1 Kf4 86. Kf2 Kg4 87. Kf1 Kg3 88. Kg1 Kh3 89. Kf2 Kg4 90. Kf1 Kg3 91. Kg1 Kf4 92. Kf2 Ke4 1/2-1/2

[Event "*** Titled Tuesday Blitz"]
[Site "Chess.com"]
[Date "2020.05.26"]
[Round "6"]
[White "Mikasinski"]
[Black "Semetey"]
[Result "1-0"]
[WhiteElo "2399"]
[BlackElo "2531"]
[TimeControl "180+1"]
[EndTime "11:09:17 PDT"]
[Termination "Mikasinski won by resignation"]

1. e4 c5 2. Nf3 d6 3. d4 cxd4 4. Nxd4 Nf6 5. Nc3 a6 6. Be2 e5 7.
Nf3 Be7 8. Bg5 O-O 9. Bxf6 Bxf6 10. Bc4 Be6 11. Bb3 Be7 12. O-O Nd7 13. Re1 h6 14.
Nd2 Rc8 15. a4 Nc5 16. Bd5 Kh8 17. Nc4 Qc7 18. b3 Nd7 19. Qd3 Nf6 20. Rad1 Rfd8 21. h3 Nh5 22. Ne2 b5 23. axb5 axb5 24. Ne3 Nf4 25. Nxf4 exf4 26. Nf5 Bf6 27. c4 bxc4 28. bxc4 Be5 29. Rb1 Rb8 30. Rbc1 Rb2 31. Nd4 Qc5 32.
Ne2 Rdb8 33. Rb1 Qa5 34. Red1 R8b3 35. Qxb3 Rxb3 36. Rxb3 Qa2 37. Nc1 Qc2 38. Rbd3 f3 39. R3d2 Qc3 40. Rd3 Qc2 41. R3d2 Qa4 42. g3 Bxh3 43.
Bxf7 Qd7 44. Bh5 Bg4 45. Bxg4 Qxg4 46. Nd3 Qh3 47. Ne1 Bxg3 48. fxg3 Qxg3+ 49. Kf1 Qh3+ 50. Kf2 h5 51. Nxf3 h4 52. Rg1 Qe6 53. Rd5 Qxe4 54.
Rh5+ Kg8 55. Rxh4 Qc2+ 56. Kg3 Qe2 57. Rg2 Qe6 58. Rg4 Kf8 59. Kh3 Qh6+ 60. Kg3 Qe6 61. Nh4 Qe3+ 62. Kh2 Qe5+ 63. R2g3 Qe2+ 64. Kh3 Qf1+ 65.
Rg2 Qd3+ 66. R4g3 g5 67. Rf3+ Ke7 68. Rxd3 1-0

[Event "*** Titled Tuesday Blitz"]
[Site "Chess.com"]
[Date "2020.05.26"]
[Round "6"]
[White "PavelShkapenko"]
[Black "Tenamu"]
[Result "0-1"]
[WhiteElo "2642"]
[BlackElo "2371"]
[TimeControl "180+1"]
[EndTime "11:09:17 PDT"]
[Termination "Tenamu won by resignation"]

1. e4 e6 2. d4 d5 3. exd5 exd5 4. Nf3 Bd6 5. c4 c6 6. Nc3 Bg4 7. Bd3 dxc4 8. Bxc4 Nf6 9. O-O O-O 10. h3 Bh5 11.
g4 Bg6 12. Ne5 Nbd7 13. f4 b5 14. Bb3 b4 15. Ne2 Be4 16. Ng3 Bd5 17. Nf5 Nb6 18. Nxd6 Qxd6 19. f5 Rad8 20. Bf4 Bxb3 21. axb3 Qd5 22.
Rxa7 c5 23. Ra5 Ne4 24. Nf3 Ra8 25. Rxa8 Rxa8 26. dxc5 Qxc5+ 27. Qd4 Nd5 28. Be5 f6 29. Qxc5 Nxc5 30. Bd6 Nxb3 31. Rd1 Ra1 32. Rxa1 Nxa1 33. Nd4 b3 34. Kf2 Nb6 35. Bb4 Na4 36. Ke2 Kf7 37.
Kd2 Nxb2 38. Bc3 Nc4+ 39. Kd3 b2 40. Bxb2 Nxb2+ 41. Kc3 Nd1+ 42. Kd2 Nf2 43. Kc3 Nxh3 44. Kb2 Nf2 45. Nb5 Nxg4 46. Nd6+ Ke7 47. Nc8+ Kd7 48. Nb6+ Kc6 49. Na4 Ne3 50. Kxa1 Nxf5 51. Kb2 g5 52.
Nc3 Kc5 53. Ne4+ Kd4 54. Nxf6 h6 55. Kc2 Ke3 56. Kd1 Kf3 57. Ke1 Ne3 58. Nd7 g4 59.
Ne5+ Kf4 60. Ng6+ Kg5 61. Ne5 h5 62. Ke2 Kf4 63. Nd3+ Ke4 64. Nc5+ Kd4 65. Ne6+ Ke4 66. Nc5+ Kd4 67. Ne6+ Ke5 68. Ng7 Nf5 69. Nxh5 Ke4 70. Kf1 Kf3 71. Kg1 Ng3 72. Nf6 Ne2+ 73. Kh2 g3+ 74. Kh3 g2 75. Ne4 g1=Q 76. Nd2+ Kf4 0-1

[Event "*** Titled Tuesday Blitz"]
[Site "Chess.com"]
[Date "2020.05.26"]
[Round "6"]
[White "TregubovP"]
[Black "rakshi2005"]
[Result "0-1"]
[WhiteElo "2552"]
[BlackElo "2333"]
[TimeControl "180+1"]
[EndTime "11:09:17 PDT"]
[Termination "rakshi2005 won by resignation"]

1. e4 e5 2. Nf3 Nc6 3. Bb5 f5 4. d3 fxe4 5. dxe4 Nf6 6. O-O d6 7. h3 a6 8. Ba4 b5 9. Bb3 Na5 10. Nc3 Nxb3 11. axb3 Be7 12. Nd5 Be6 13. Nxe7 Qxe7 14.
Re1 O-O 15. Nh4 Qf7 16. Qe2 Bd7 17. b4 Bc6 18. f3 Bd7 19. g4 Rfe8 20. Ra3 d5 21.
Nf5 Bxf5 22. exf5 e4 23. Bd2 Qd7 24. Qf2 d4 25. Bg5 e3 26. Qe2 Qd6 27. Kg2 Qxb4 28. Rd3 Rad8 29. c3 dxc3 30. bxc3 Qc5 31. Bxe3 Qc6 32.
Rxd8 Rxd8 33. Bd4 Re8 34. Qf2 Nd5 35. Qa2 Rxe1 36. Kf2 Re8 37. Qd2 Qc4 38. Qg5 Re7 39. f6 Qa2+ 40. Kg3 Qe2 41. fxe7 Qe1+ 42. Kg2 Qe2+ 43.
Kg3 Qe1+ 44. Kg2 Qe2+ 45. Bf2 Nxe7 46. Qe3 Qxe3 47. Bxe3 Nd5 48. Bd2 a5 49. f4 a4 50.
Bc1 Nb6 51. Kf3 Nc4 52. Ke4 a3 53. Bxa3 Nxa3 54. Kd5 Nb1 55. Kd4 Kf7 56. Kd3 Ke6 57. Kc2 Na3+ 58. Kb3 Nc4 59. Kb4 c6 60. Kc5 Kd7 61. f5 Ne3 62. Kd4 Nd5 63. g5 Kd6 64. h4 c5+ 65. Kd3 b4 66. cxb4 cxb4 67. Kc4 Ke5 68.
f6 gxf6 69. gxf6 Kxf6 0-1

[Event "*** Titled Tuesday Blitz"]
[Site "Chess.com"]
[Date "2020.05.26"]
[Round "6"]
[White "albano87"]
[Black "Sippp"]
[Result "1-0"]
[WhiteElo "2395"]
[BlackElo "2672"]
[TimeControl "180+1"]
[EndTime "11:09:19 PDT"]
[Termination "albano87 won by resignation"]

1. d4 Nf6 2. Nf3 g6 3. g3 Bg7 4. Bg2 O-O 5. O-O d6 6. a4 Nbd7 7. Nc3 e5 8. e4 c6 9. Re1 a5 10.
h3 exd4 11. Nxd4 Qb6 12. Nb3 Qc7 13. Be3 Re8 14. Qd2 Ne5 15. Bd4 Nc4 16. Qe2 Be6 17. Rab1 h5 18. Nd2 Ne5 19. f4 Ned7 20. Nf3 Nb6 21.
b3 d5 22. e5 Nh7 23. Nh4 c5 24. Nb5 Qc6 25. Bb2 Qd7 26. Kh2 d4 27. Nd6 Nd5 28.
Nxe8 Rxe8 29. Rbd1 b6 30. c3 dxc3 31. Ba1 Rd8 32.
Rd3 c2 33. Qxc2 Qe7 34. Red1 g5 35. Bxd5 gxh4 36. Bxe6 hxg3+ 37. Kxg3 Rxd3+ 38. Qxd3 Qxe6 39. f5 Bxe5+ 40. Kf2 Qf6 41. Bxe5 Qxe5 42. Rg1+ Kf8 43. Qd8+ Qe8 44. Rg8+ Kxg8 45. Qxe8+ Kg7 46. Qc6 Nf6 47. Qxb6 h4 48. Ke1 Ne4 49. Qxa5 Kf6 50. Qa6+ Kxf5 51.
Qb7 Ng5 52. Qd5+ Kf4 53. Qxc5 Nxh3 54. a5 Ng5 55. a6 Nf3+ 56. Kf2 Ng5 57. Qxg5+ Kxg5 58. a7 Kg4 59. a8=Q f5 60. Qh1 h3 61. Qg1+ Kf4 62.
Qh2+ Kg4 63. b4 f4 64. b5 Kh4 65. b6 Kh5 66. b7 Kh4 67. b8=Q Kh5 68. Qbxf4 Kg6 69. Qhg3+ 1-0